 Dungeon Crawl Stone Soup version 0.25-a0-523-g9afb2ee040 (webtiles) character file.

Game seed: 4024781625910547075, levelgen mode: classic

1032 EnegeticOcto the Chopper (level 8, 25/74 HPs)
             Began as a Deep Dwarf Fighter on Feb 18, 2020.
             Was a Believer of Uskayaw.
             Quit the game on level 5 of the Dungeon.
             The game lasted 00:02:05 (2248 turns).

EnegeticOcto the Chopper (Deep Dwarf Fighter)       Turns: 2248, Time: 00:02:05

Health: 25/74      AC: 11    Str: 20    XL:     8   Next: 3%
Magic:  4/6        EV:  9    Int:  9    God:    Uskayaw [**....]
Gold:   145        SH: 10    Dex: 12    Spells: 7/7 levels left

rFire    . . .     SeeInvis .   t - -3 hand axe (curse)
rCold    . . .     Gourm    .   c - +0 kite shield
rNeg     . . .     Faith    .   b - +0 scale mail
rPois    .         Spirit   .   (no helmet)
rElec    .         Reflect  .   l - +0 cloak
rCorr    .         Harm     .   u - +2 pair of gloves
MR       +....                  (no boots)
Stlth    ..........             (no amulet)
HPRegen  0.00/turn              o - -2 ring of strength (curse)
MPRegen  0.10/turn              (no ring)

@: mildly poisoned (25 -> 21), non-regenerating
A: damage resistance, heal wounds, sense surroundings 1, no regeneration
a: Heal Wounds, Stomp, Line Pass, Renounce Religion


You were on level 5 of the Dungeon.
You worshipped Uskayaw.
Uskayaw was noncommittal.
You were not hungry.

You visited 2 branches of the dungeon, and saw 6 of its levels.

You collected 145 gold pieces.

Inventory:

Hand Weapons
 a - a +0 war axe
 t - a cursed -3 hand axe (weapon)
Armour
 b - a +0 scale mail (worn)
 c - a +0 kite shield (worn)
 l - a +0 cloak (worn)
 u - a +2 pair of gloves (worn)
Jewellery
 o - a cursed -2 ring of strength (left hand)
Wands
 m - a wand of polymorph (4)
 n - a wand of flame (18)
 s - a wand of digging (4) {@V2}
Scrolls
 d - a scroll of fog
Potions
 g - a potion of berserk rage {unknown}
 h - 2 potions of lignification {@q7}
 j - a potion of curing {unknown}
 k - a potion of might {@q3}
 p - a potion of degeneration {unknown}
Comestibles
 e - 9 rations
 f - a chunk of flesh


   Skills:
 * Level 5.1 Fighting
 * Level 5.6 Axes
 + Level 4.9 Armour
 + Level 3.3 Dodging
 + Level 4.9 Shields
 * Level 3.0 Invocations


You had 7 spell levels left.
You didn't know any spells.
Your spell library was empty.

Dungeon Overview and Level Annotations

Branches:
Dungeon (5/15)             Temple (1/1) D:4

Altars:
Ashenzari
Cheibriados
Dithmenos
Elyvilon
Fedhas
Hepliaklqana
Kikubaaqudgha
Nemelex Xobeh
Qazlal
Ru
Sif Muna
Trog
Uskayaw
Vehumet
Xom
Yredelemnul

Annotations:
D:4 2 transporters, FrozenTrovador's ghost, amateur HOBe


Innate Abilities, Weirdness & Mutations

You are resistant to damage.
You can heal yourself by infusing magical energy.
You passively map a small area around you.
You do not regenerate.


Message History

The water moccasin bites you but does no damage.
The centaur completely misses you.
You hit the centaur.
The centaur is almost dead.
You miss the water moccasin. The water moccasin bites you.
You block the centaur's attack. The water moccasin bites you.
You are more poisoned.
The water moccasin poisons you!
There are monsters nearby!
You hit the centaur but do no damage.
The centaur is almost dead.
You closely miss the water moccasin.
The centaur hits you but does no damage.
You block the water moccasin's attack. The centaur misses you.
You barely miss the centaur.
The centaur is almost dead.
You hit the water moccasin but do no damage.
You block the water moccasin's attack.
The centaur hits you but does no damage.
The water moccasin bites you but does no damage.
The centaur misses you.
Your shield and scale mail prevent you from hitting the centaur.
The centaur is almost dead.
You hit the water moccasin. You block the water moccasin's attack.
The centaur hits you but does no damage.
You hit the centaur.
You kill the centaur!
Your Fighting skill increases to level 5!
You barely miss the water moccasin. You block the water moccasin's attack.
The water moccasin barely misses you.
Uskayaw prepares the audience for your solo!
The helpless water moccasin fails to defend itself.
You hit the water moccasin.
The water moccasin is moderately wounded.
The helpless water moccasin fails to defend itself.
You slash the water moccasin!
The water moccasin is severely wounded.
The water moccasin is no longer paralysed.
You block the water moccasin's attack. x2
Uskayaw will force your foes to share their pain.
You hit the water moccasin.
The water moccasin is severely wounded.
You block the water moccasin's attack.
You completely miss the water moccasin.
The water moccasin is severely wounded.
The water moccasin barely misses you. You block the water moccasin's attack.
You miss the water moccasin.
The water moccasin is severely wounded.
The water moccasin bites you. You block the water moccasin's attack.
You hit the water moccasin.
The water moccasin is almost dead.
The water moccasin closely misses you.
You closely miss the water moccasin.
The water moccasin is almost dead.
You block the water moccasin's attack.
You miss the water moccasin.
The water moccasin is almost dead.
The water moccasin bites you but does no damage.
You block the water moccasin's attack.
A water moccasin is nearby!
A water moccasin is nearby!
You hit the water moccasin but do no damage.
The water moccasin is almost dead.
You block the water moccasin's attack. The water moccasin bites you.
You barely miss the water moccasin.
The water moccasin is almost dead.
The water moccasin closely misses you.
You hit the water moccasin but do no damage.
The water moccasin is almost dead.
The water moccasin barely misses you.
The water moccasin completely misses you.
You hit the water moccasin but do no damage.
The water moccasin is almost dead.
The water moccasin bites you!
You are more poisoned.
The water moccasin poisons you! You block the water moccasin's attack.
You hit the water moccasin but do no damage.
The water moccasin is almost dead.
The water moccasin bites you.
You are too injured to fight recklessly!
You are too injured to fight recklessly!
You are too injured to fight recklessly!
You are too injured to fight recklessly!
A water moccasin is nearby!
You hit the water moccasin but do no damage.
The water moccasin is almost dead.
The water moccasin barely misses you.
The water moccasin bites you but does no damage.
You barely miss the water moccasin.
The water moccasin is almost dead.
The water moccasin bites you.
You are more poisoned.
The water moccasin poisons you!
You slash the water moccasin!
You kill the water moccasin!
Your Invocations skill increases to level 3!
You have reached level 8!
You feel stronger.
You feel very sick.
Are you sure you want to abandon this character and quit the game? (Confirm with "yes".)

#.......# #.......#
#....รท..#
#.......# #.......#
* * #.......#### *
, ............# *
#######.###(.#####
......)@....$.....,
..#...)...#.......
......#......#....,
,*
...#.....#.....#..
,
,.#....#....#....*.
.#...#...#...#.. ,
# .#. #..#..#..#.
.#.# #.#.#.# #. *


There were no monsters in sight!

Vanquished Creatures
  Grinder (D:3)
  Eustachio (D:4)
  Menkaure (D:4)
  A water moccasin (D:5)
  A centaur (D:5)
  A bullfrog (D:4)
  A centaur skeleton (D:4)
  An orc priest (D:3)
  Crazy Yiuf (D:3)
  A hound (D:3)
  Jessica (D:3)
  An iguana (D:4)
  An orc wizard (D:5)
  2 worker ants (D:4)
  5 adders
  4 worms
  3 dart slugs
  2 leopard geckos (D:4)
  5 orcs (D:3)
  A giant cockroach (D:1)
  3 goblins (D:3)
  3 hobgoblins
  9 jackals
  A kobold (D:3)
  4 quokkas
  5 bats
  3 frilled lizards (D:3)
  A quokka skeleton (D:4)
  5 rats
  2 fungi (D:3)
71 creatures vanquished.

Notes
Turn   | Place    | Note
-------+----------+-------------------------------------------
     0 | D:1      | EnegeticOcto the Deep Dwarf Fighter began the quest for the
                  | Orb.
     0 | D:1      | Reached XP level 1. HP: 20/20 MP: 1/1
    63 | D:2      | Reached XP level 2. HP: 22/27 MP: 2/2
   287 | D:3      | Reached XP level 3. HP: 23/34 MP: 3/3
   300 | D:3      | Reached skill level 1 in Dodging
   436 | D:3      | Noticed Jessica
   444 | D:3      | Reached XP level 4. HP: 38/42 MP: 3/3
   449 | D:3      | Killed Jessica
   587 | D:3      | Noticed Grinder
   592 | D:3      | Killed Grinder
   592 | D:3      | Reached XP level 5. HP: 34/50 MP: 4/4
   592 | D:3      | Reached XP level 6. HP: 39/57 MP: 5/5
   612 | D:3      | Found a runed translucent door.
   613 | D:3      | Noticed Crazy Yiuf
   619 | D:3      | Killed Crazy Yiuf
  1212 | D:4      | Found a basalt altar of Yredelemnul.
  1322 | D:4      | Found a sacrificial altar of Ru.
  1386 | D:4      | Found a sparkling altar of Nemelex Xobeh.
  1390 | D:4      | Found a blossoming altar of Fedhas.
  1394 | D:4      | Found a hazy altar of Hepliaklqana.
  1490 | D:4      | Noticed Menkaure
  1505 | D:4      | Killed Menkaure
  1505 | D:4      | Reached XP level 7. HP: 41/66 MP: 3/3
  1511 | D:4      | Found a staircase to the Ecumenical Temple.
  1520 | D:4      | Found a transporter.
  1533 | Temple   | Entered the Ecumenical Temple
  1556 | Temple   | Became a worshipper of Uskayaw the Reveler
  1570 | D:4      | Noticed FrozenTrovador's ghost (amateur HOBe)
  1570 | D:4      | Identified the +2 dire flail "Xise" {venom, MP+9 Int+2
                  | Dex+2}
  1585 | D:4      | Reached * piety under Uskayaw
  1652 | D:4      | Reached ** piety under Uskayaw
  1658 | D:4      | Reached skill level 5 in Axes
  1730 | D:4      | Noticed Eustachio
  1736 | D:4      | Reached *** piety under Uskayaw
  1745 | D:4      | Reached skill level 1 in Invocations
  1747 | D:4      | Killed Eustachio
  1978 | D:4      | Found a transporter.
  2175 | D:5      | Entered Level 5 of the Dungeon
  2231 | D:5      | Reached skill level 5 in Fighting
  2233 | D:5      | Reached **** piety under Uskayaw
  2247 | D:5      | Reached XP level 8. HP: 28/74 MP: 4/6
  2248 | D:5      | Quit the game

Levels and vault maps discovered:
D:1:      dpeg_arrival_stone_temple_mockup, layout_loops_cross
D:2:      layout_rooms, lemuel_doored_altar, lemuel_crystal_altar
D:3:      layout_basic, first_ration, uniq_jessica, uniq_crazy_yiuf_cottage,
          uniq_grinder
D:4:      cheibrodos_old_hovel, layout_gridville,
          nicolae_ru_great_annihilating_truth, nicolae_overflow_crystal_walls,
          minitemple, minmay_temple_entry_tees, gammafunk_ghost_smash,
          serial_park_tiny_1, uniq_menkaure, uniq_eustachio
D:5:      layout_rooms, kennysheep_mini_moat, serial_bayou_pond_d,
          minmay_increasing_density, uniq_pikel
Temple:   minmay_freezing_vapour_temple

Skill      XL: |  1  2  3  4  5  6  7 |
---------------+----------------------+-----
Fighting       | 3 4 5 |  5.1
Axes           | 3 4 5 |  5.6
Dodging        | 1 2 3 |  3.3
Armour         | 4 |  4.9
Shields        | 4 |  4.9
Invocations    | 3 |  3.0

Action                   |  1- 3 |  4- 6 |  7- 9 || total
-------------------------+-------+-------+-------++-------
Melee: War axe           |    72 |   133 |    47 ||   252
       Hand axe          |       |       |    59 ||    59
 Abil: Heal Wounds       |     3 |     4 |     3 ||    10
  Use: Scroll            |       |       |     4 ||     4
 Stab: Paralysed         |       |     2 |     6 ||     8
  Eat: Chunk             |       |     2 |     3 ||     5
Armor: Scale mail        |    39 |    61 |    61 ||   161
Dodge: Dodged            |    19 |    47 |    66 ||   132
Block: Kite shield       |    37 |    70 |    84 ||   191

Table legend:
 A = Non-vault XP
 B = Vault XP
 C = Vault XP percentage of total XP
 D = Non-vault monster count
 E = Vault monster count
 F = Vault count percentage of total count
                 A         B        C        D         E       F
            +---------+---------+-------+---------+---------+-------
      Total |     592 |     883 |  59.9 |      57 |      12 |  17.4
            +---------+---------+-------+---------+---------+-------
        D:1 |       8 |       0 |   0.0 |       5 |       0 |   0.0
        D:2 |      28 |       0 |   0.0 |       7 |       0 |   0.0
        D:3 |     147 |     326 |  68.9 |      25 |       3 |  10.7
        D:4 |     295 |     375 |  56.0 |      17 |       7 |  29.2
        D:5 |     114 |     182 |  61.5 |       3 |       2 |  40.0
            +---------+---------+-------+---------+---------+-------
